 Dungeon Crawl Stone Soup version 0.30.0-5-g1a98f26d00 (webtiles) character file.

Game seed: 1778736443038508585

250 NinjaNoafa the Magician (level 5, -2/32 HPs)
             Began as a Deep Elf Transmuter on May 8, 2023.
             Slain by an orc priest
             ... wielding a +0 trident
              (8 damage)
             ... on level 4 of the Dungeon on May 9, 2023.
             The game lasted 00:12:31 (2400 turns).

NinjaNoafa the Magician (Deep Elf Transmuter)       Turns: 2400, Time: 00:12:32

Health: -2/32      AC:  2    Str:  7    XL:     5   Next: 88%
Magic:  10/13      EV: 20    Int: 20    God:
Gold:   153        SH:  0    Dex: 20    Spells: 6/12 levels left

rFire   . .          .
                       - Unarmed
rCold   . . .        (shield currently unavailable)
rNeg    . . .        a - melded +0 robe
rPois   x            (helmet currently unavailable)
rElec   .            (cloak currently unavailable)
rCorr   .            (gloves currently unavailable)
SInv    .            g - melded +0 pair of boots
Will    .....        (no amulet)
Stlth   ++           j - ring of flight
HPRegen 0.25/turn    (no ring)
MPRegen 0.13/turn

%: no passive effects
@: spider-form, wereblooded, flying
A: venomous fangs, tiny
a: End Transformation


You were on level 4 of the Dungeon.
You were a venomous arachnid creature.
You visited 1 branch of the dungeon, and saw 4 of its levels.

You collected 153 gold pieces.

Inventory:

Armour
 a - a +0 robe (melded)
 g - a +0 pair of boots (melded)
Jewellery
 j - a ring of flight (left front pincers)
Wands
 m - a wand of mindburst (17)
Scrolls
 c - a scroll of brand weapon {unknown}
 d - a scroll of silence {unknown}
 e - a scroll of fog {unknown}
 f - 4 scrolls of identify {unknown}
 i - a scroll of teleportation {unknown}
 k - a scroll of immolation {unknown}
 q - a scroll of fear {unknown}
Potions
 b - a potion of lignification
 h - a potion of cancellation {unknown}
 l - a potion of attraction {unknown}
 n - a potion of ambrosia {unknown}
 o - a potion of curing {unknown}
 p - a potion of heal wounds {unknown}
 r - a potion of might {unknown}


   Skills:
 - Level 3.2 Fighting
 - Level 2.4 Dodging
 - Level 2.4 Unarmed Combat
 - Level 4.0 Spellcasting
 + Level 3.4 Transmutations
 * Level 3.0 Poison Magic


You had 6 spell levels left.
You knew the following spells:

 Your Spells              Type           Power      Damage    Failure   Level
a - Beastly Appendage     Tmut           34%        N/A       11%         1
b - Wereblood             Tmut           17%        N/A       14%         2
c - Spider Form           Tmut/Pois      16%        N/A       26%         3

Your spell library contained the following spells:

 Spells                   Type           Power      Damage    Failure   Level
 Ice Form                 Ice/Tmut       10%        N/A       75%         4


Dungeon Overview and Level Annotations

Branches:
Dungeon (4/15) Zot: 21592
 Temple: D:4-7

Altars:
Xom

Shops:
D:2 :


Message History

The orc wizard hits you but does no damage.
You hit the orc wizard but do no damage.
The orc wizard is poisoned.
The orc priest completely misses you.
You hit the orc wizard but do no damage.
The orc wizard looks even sicker.
The orc wizard is lightly wounded.
The orc priest closely misses you.
The orc wizard gestures at you while chanting.
The magic dart hits you! The orc misses you.
Unknown command.
You hit the orc wizard.
The orc wizard looks as sick as possible!
The orc wizard is heavily wounded.
A quokka comes into view.
The orc priest casts a cantrip, but nothing happens.
The orc wizard points at you and mumbles some strange words.
The puff of flame hits you!
* * * LOW HITPOINT WARNING * * *
The orc hits you with a +0 hand axe.
* * * LOW HITPOINT WARNING * * *
Unknown command.
The orc attacks as you move away! The orc hits you with a +0 hand axe.
* * * LOW HITPOINT WARNING * * *
The orc priest misses you. The orc wizard barely misses you.
Unknown command.
The orc attacks as you move away! The orc completely misses you.
You kill the orc wizard!
The orc priest completely misses you.
Your Poison Magic skill increases to level 3!
You hit the orc priest.
The orc priest is poisoned.
The orc priest is lightly wounded.
You hit the orc priest but do no damage.
The orc priest is moderately wounded.
You hiss as the wereblood boils in your veins!
The orc priest barely misses you.
Okay, then.
You hit the orc priest.
The orc priest looks even sicker.
The orc priest is heavily wounded.
The orc priest hits you with a +0 trident!
You die...

#.... .. #.#o..#
#...######.##.#...#
#...>.......#.#...#
#...........#.#...# #. ###...#
#..#o#...# #... ......#
#..#.#o..# #...# ......#
#.o......# #...##### ......#
#..)##o..# #...##.. ......#
#...os...#####......#
......######....#...#..........#
..<#............#.......#......#
...#.†..####.####...#.#.#......##
...#....####.# .........#........
.........[...#.####........###...
....#........#...................
###.#........########.#.....##...
#.#.........).......#(....##...


You could see 2 orc priests and 2 orcs.

Vanquished Creatures
  An ogre (D:4)
  An orc wizard (D:4)
  8 adders
  2 worms
  A dart slug (D:1)
  An orc (D:3)
  5 ball pythons
  11 endoplasms
  6 giant cockroaches
  7 hobgoblins
  2 jackals (D:2)
  2 kobolds (D:1)
  2 quokkas (D:2)
  6 bats
  A frilled lizard (D:3)
  A goblin (D:3)
  5 rats
62 creatures vanquished.

Notes
Turn   | Place    | Note
-------+----------+-------------------------------------------
     0 | D:1      | NinjaNoafa the Deep Elf Transmuter began the quest for the
                  | Orb.
     0 | D:1      | Reached XP level 1. HP: 11/11 MP: 6/6
   251 | D:1      | Reached XP level 2. HP: 15/16 MP: 6/8
   338 | D:1      | Reached skill level 1 in Fighting
   803 | D:1      | Learned a level 2 spell: Wereblood
   856 | D:2      | Found Ontof's Book Boutique.
   868 | D:2      | Reached XP level 3. HP: 13/21 MP: 5/9
  1027 | D:2      | Reached XP level 4. HP: 27/27 MP: 9/11
  1942 | D:3      | Found a shimmering altar of Xom.
  2048 | D:4      | Noticed an ogre
  2096 | D:3      | Learned a level 3 spell: Spider Form
  2176 | D:4      | Reached skill level 1 in Poison Magic
  2199 | D:4      | Killed an ogre
  2200 | D:4      | Reached skill level 4 in Spellcasting
  2200 | D:4      | Reached XP level 5. HP: 5/32 MP: 8/13
  2400 | D:4      | Slain by an orc priest

Illustrated notes

Levels and vault maps discovered:
D:1:      spicycebolla_arrival_ecumenical, layout_loops_ring,
          serial_bayou_crossing
D:2:      layout_basic, serial_shops, nicolae_shop_crystal
D:3:      layout_rooms, mainiacjoe_overflow_alcove_4
D:4:      layout_basic, nicolae_wu_jian_wuxing_cycle, general_overflow_altar,
          mainiacjoe_overflow_concentric_impassable

Skill      XL: |  1  2  3  4  5 |
---------------+----------------+-----
Fighting       | 2 3 |  3.2
Poison Magic   | 2 3 |  3.0
Spellcasting   | 4 |  4.0
Transmutations | 3 |  3.4
Dodging        | |  2.4
Unarmed Combat | |  2.4

Action                     |  1- 3 |  4- 6 || total
---------------------------+-------+-------++-------
  Melee: Unarmed           |    96 |   100 ||   196
         Kick              |    24 |    34 ||    58
         Headbutt          |    16 |    17 ||    33
         Punch             |       |     1 ||     1
   Cast: Beastly Appendage |    17 |    17 ||    34
         Wereblood         |     2 |    13 ||    15
         Spider Form       |       |     3 ||     3
   Stab: Sleeping          |     1 |       ||     1
 Armour: Robe              |    13 |    13 ||    26
         Skin              |       |     1 ||     1
  Dodge: Dodged            |    57 |    57 ||   114
